 Dungeon Crawl Stone Soup version 0.28.0-47-ge53b351184 (webtiles) character file.

Game seed: 16793449168303696264

3306 RatsInWalls the Ruffian (level 10, 0/68 HPs)
             Began as an Octopode Transmuter on May 11, 2022.
             Was a Believer of Dithmenos.
             Slain by a white ugly thing (16 damage)
             ... on level 8 of the Dungeon.
             The game lasted 00:28:46 (11492 turns).

RatsInWalls the Ruffian (Octopode Transmuter)      Turns: 11492, Time: 00:28:47

Health: 0/68       AC:  2    Str: 14    XL:     10   Next: 1%
Magic:  18/18      EV: 21    Int: 22    God:    Dithmenos [**....]
Gold:   613        SH:  0    Dex: 17    Spells: 12/20 levels left

rFire   . . .      SeeInvis .     - Unarmed
rCold   + . .      Faith    +   (shield currently unavailable)
rNeg    . . .      Spirit   .   (helmet currently unavailable)
rPois   x          Reflect  .   d - amulet of faith
rElec   .          Harm     .   b - ring of protection from fire
rCorr   +          Rampage  .   x - ring of resist corrosion
Will    .....                   y - +6 ring of intelligence
Stlth   +++.......              p - ring of ice
HPRegen 0.21/turn               (no ring)
MPRegen 0.16/turn               (no ring)
                                (no ring)
                                (no ring)

@: spider-form, wreathed by umbra
A: venomous fangs, almost no armour, (amphibious), 8 rings, tiny, (camouflage
1), (gelatinous body 1), (nimble swimmer 1), (tentacles)
a: End Transformation, Renounce Religion, Shadow Step


You were on level 8 of the Dungeon.
You worshipped Dithmenos.
Dithmenos was pleased with you.
You were a venomous arachnid creature.
You visited 2 branches of the dungeon, and saw 9 of its levels.

You collected 613 gold pieces.

Inventory:

Missiles
 r - 3 poisoned darts
 s - 3 curare-tipped darts
Armour
 a - a +0 kite shield
Jewellery
 b - a ring of protection from fire (left front leg)
 d - an amulet of faith (around neck)
 h - an amulet of reflection
 p - a ring of ice (on tentacle)
 x - a ring of resist corrosion (right front leg)
 y - a +6 ring of intelligence (on tentacle)
Wands
 i - a wand of flame (8)
 q - a wand of polymorph (13)
Scrolls
 e - a scroll of blinking
 g - a scroll of enchant armour {unknown}
 l - 2 scrolls of noise {unknown}
 m - 3 scrolls of teleportation
 o - a scroll of torment {unknown}
 t - a scroll of magic mapping
 u - 3 scrolls of identify
 v - a scroll of summoning {unknown}
 w - a scroll of vulnerability {unknown}
Potions
 c - 2 potions of mutation
 f - 3 potions of lignification
 k - 3 potions of curing {unknown}
 n - a potion of flight {unknown}


   Skills:
 + Level 6.0 Fighting
 + Level 4.5 Dodging
 + Level 3.9 Stealth
 - Level 6.4 Unarmed Combat
 + Level 5.8 Spellcasting
 + Level 6.2 Transmutations
 + Level 2.7 Ice Magic
 - Level 4.1 Poison Magic


You had 12 spell levels left.
You knew the following spells:

 Your Spells              Type           Power      Damage    Failure   Level
a - Beastly Appendage     Tmut           68%        N/A       4%          1
b - Spider Form           Tmut/Pois      29%        N/A       11%         3
c - Ice Form              Ice/Tmut       39%        N/A       32%         4

Your spell library contained the following spells:

 Spells                   Type           Power      Damage    Failure   Level
 Wereblood                Tmut           34%        N/A       5%          2
 Passwall                 Tmut/Erth      16%        N/A       12%         2
 Sandblast                Erth           12%        2d6       24%         1
 Gell's Gravitas          Tloc           6%         N/A       50%         3
 Lesser Beckoning         Tloc           6%         N/A       50%         3
 Stone Arrow              Conj/Erth      12%        3d7       50%         3
 Teleport Other           Tloc           6%         N/A       50%         3
 Alistair's Intoxication  Tmut/Pois      19%        N/A       52%         5
 Eringya's Noxious Bog    Tmut/Pois      14%        N/A       95%         6
 Borgnjor's Vile Clutch   Necr/Erth      3%         N/A       99%         5
 Lehudib's Crystal Spear  Conj/Erth      3%         10d2      100%        8
 Animate Armour           Summ/Erth      Unusable   N/A       N/A         4

Dungeon Overview and Level Annotations

Branches:
Dungeon (8/15)             Temple (1/1) D:4
   Lair: D:8-11

Altars:
Ashenzari
Cheibriados
Dithmenos
Elyvilon
Fedhas
Gozag
Hepliaklqana
Kikubaaqudgha
Nemelex Xobeh
Okawaru
Qazlal
Ru
Sif Muna
Trog
Uskayaw
Vehumet
Wu Jian
Xom
Yredelemnul
Zin
The Shining One

Shops:
D:5 *

Annotations:
D:6 1 runed translucent door, Modestlyawesome's ghost, novice VSEn
D:7 exclusion: gargoyle, Maggie


Innate Abilities, Weirdness & Mutations

You are a venomous arachnid creature.
You have poisonous fangs.
You are tiny and dextrous.
Your spellcasting is less reliable in this form.
Your armour is entirely melded.
You are incapable of wielding weapons or throwing items.
You cannot wear most types of armour.
((You are amphibious.))
You can wear up to eight rings at the same time.
((Your skin changes colour to match your surroundings (Stealth+).))
((Your rubbery body absorbs attacks. (AC +1, EV +1)))
((You are camouflaged when in or above water. (Stealth+)))
((You have tentacles for arms and can constrict up to eight enemies at once.))


Message History

You now have 613 gold pieces (gained 18).
Your transformation is almost over.
You open the door.
Found a glowing hand axe.
You open the door.
There is an open door here.
A white ugly thing comes into view.
Your transformation has ended.
There is an open door here.
Found a white marble altar of Elyvilon.
You hear a distant slurping noise.
Casting: Spider Form (dangerous; 3% risk of failure)
Confirm with . or Enter, or press ? or * to list all spells.
You turn into a venomous arachnid creature.
There is a white marble altar of Elyvilon here.
The white ugly thing gurgles horribly!
The white ugly thing barely misses you.
You hit the white ugly thing.
The white ugly thing is lightly wounded.
The white ugly thing completely misses you.
You bite the white ugly thing!
The white ugly thing is poisoned.
The white ugly thing is lightly wounded.
The white ugly thing tail-slaps you! The white ugly thing freezes you!
You resist.
You barely miss the white ugly thing.
The white ugly thing is lightly wounded.
The white ugly thing tail-slaps you! The white ugly thing freezes you!
You resist.
* * * LOW HITPOINT WARNING * * *
The white ugly thing closely misses you.
There is a white marble altar of Elyvilon here.
You feel much better. The white ugly thing tail-slaps you!
The white ugly thing freezes you! You resist.
You hit the white ugly thing but do no damage.
The white ugly thing looks as sick as possible!
The white ugly thing is moderately wounded.
The white ugly thing tail-slaps you!
* * * LOW HITPOINT WARNING * * *
The white ugly thing freezes you! You resist.
You die...

## ########....####
..................
.###.##.#..#..##
.#...#.#..#
......##.##
...#.#...# ####
#.##.#._.# #...
#.##...u.# #...# #...
#.#####s## ##.#.#
#... ##'####..#
#..#.# ##.#
##...##..## ##..#.#
#.# ##.....#..#
#.....# #.#
##.........# #.##..#
#.#
..####..........#..
#..#..#####..
.)...'.........##.
##............
..####.........#..
#.....######..
##......(##..##...###
#..


You could see a white ugly thing (extremely poisoned).

Vanquished Creatures
  Sigmund (D:5)
  3 yaks (D:8)
  Menkaure (D:7)
  A water moccasin (D:6)
  An ice beast (D:6)
  An orc warrior (D:5)
  2 sky beasts
  A black bear (D:7)
  2 necrophages (D:4)
  2 ogres
  A centaur (D:7)
  A phantom (D:5)
  A gnoll sergeant (D:6)
  A scorpion (D:6)
  A water moccasin zombie (D:5)
  2 water moccasin skeletons
  7 wights
  2 howler monkeys
  A bullfrog zombie (D:5)
  A bullfrog skeleton (D:6)
  3 centaur zombies
  A hound (D:5)
  4 centaur skeletons
  An orc priest (D:5)
  A human zombie (D:4)
  2 jellies
  Ijyb (D:3)
  Jessica (D:3)
  3 orc wizards
  An iguana (D:5)
  A scorpion zombie (D:4)
  A killer bee zombie (D:6)
  2 hound zombies
  A mummy (D:4)
  2 howler monkey zombies
  5 gnolls
  A howler monkey skeleton (D:6)
  6 adders
  A shadow imp (D:6)
  A white imp (D:5)
  2 adder zombies (D:4)
  An adder skeleton (D:4)
  2 worms
  2 dart slugs
  13 orcs
  7 ball pythons
  5 bats
  11 endoplasms
  A giant cockroach (D:3)
  2 goblins
  7 hobgoblins
  3 frilled lizards
  4 kobolds
  2 quokka skeletons (D:4)
  7 rats
141 creatures vanquished.

Vanquished Creatures (others)
  3 toadstools (D:2)
3 creatures vanquished.

Grand Total: 144 creatures vanquished

Notes
Turn   | Place    | Note
-------+----------+-------------------------------------------
     0 | D:1      | RatsInWalls the Octopode Transmuter began the quest for the
                  | Orb.
     0 | D:1      | Reached XP level 1. HP: 13/13 MP: 3/3
   177 | D:1      | Found a faded altar of an unknown god.
   359 | D:1      | Reached XP level 2. HP: 18/18 MP: 3/5
   421 | D:1      | Reached skill level 1 in Stealth
  1107 | D:1      | Reached XP level 3. HP: 9/23 MP: 4/6
  2531 | D:2      | Reached XP level 4. HP: 26/29 MP: 5/7
  2742 | D:2      | Found an opulent altar of Gozag.
  2860 | D:2      | Learned a level 3 spell: Spider Form
  2945 | D:3      | Noticed Ijyb
  2963 | D:3      | Killed Ijyb
  3077 | D:3      | Reached XP level 5. HP: 19/34 MP: 6/9
  3434 | D:3      | Noticed Jessica
  3446 | D:3      | Killed Jessica
  3447 | D:3      | Reached skill level 1 in Poison Magic
  4451 | D:4      | Noticed an ogre
  4500 | D:4      | Found a glowing golden altar of the Shining One.
  4506 | D:4      | Found a staircase to the Ecumenical Temple.
  4515 | Temple   | Entered the Ecumenical Temple
  4636 | Temple   | Became a worshipper of Dithmenos the Shadowed
  4738 | D:4      | Killed an ogre
  4739 | D:4      | Reached XP level 6. HP: 41/41 MP: 7/10
  5738 | D:4      | Noticed a necrophage
  5743 | D:4      | Killed a necrophage
  5744 | D:4      | Reached XP level 7. HP: 41/46 MP: 10/12
  5916 | D:4      | Found an ancient bone altar of Kikubaaqudgha.
  6120 | D:5      | Entered Level 5 of the Dungeon
  6120 | D:5      | Noticed Sigmund
  6133 | D:5      | Found an opulent altar of Gozag.
  6381 | D:5      | Found Gozag's Platinum Reserve.
  6384 | D:5      | Reached * piety under Dithmenos
  6443 | D:5      | Reached skill level 5 in Unarmed Combat
  6443 | D:5      | Reached XP level 8. HP: 44/54 MP: 10/14
  6507 | D:5      | Killed Sigmund
  6718 | D:5      | Found an iron altar of Okawaru.
  6720 | D:5      | Found a hazy altar of Hepliaklqana.
  7378 | D:5      | Reached skill level 5 in Transmutations
  8164 | D:6      | Reached XP level 9. HP: 54/60 MP: 16/16
  8173 | D:6      | Reached ** piety under Dithmenos
  8174 | D:6      | Reached skill level 5 in Fighting
  8252 | D:6      | Reached skill level 5 in Spellcasting
  8413 | D:6      | Found a runed translucent door.
  8415 | D:6      | Found a shimmering altar of Xom.
  8415 | D:6      | Noticed Modestlyawesome's ghost (novice VSEn)
  8417 | D:6      | Noticed a +2 falchion of chaos
  8584 | D:6      | Found a blossoming altar of Fedhas.
  8818 | D:6      | Learned a level 4 spell: Ice Form
  9474 | D:7      | Reached skill level 1 in Ice Magic
 10314 | D:7      | Found a basalt altar of Yredelemnul.
 10323 | D:7      | Noticed a gargoyle
 10378 | D:7      | Noticed Maggie
 10439 | D:7      | Noticed Menkaure
 10446 | D:7      | Killed Menkaure
 11260 | D:8      | Reached XP level 10. HP: 51/68 MP: 16/18
 11384 | D:8      | Found a broken altar of Ashenzari.
 11461 | D:8      | Noticed a white ugly thing
 11467 | D:8      | Found a white marble altar of Elyvilon.
 11492 | D:8      | Slain by a white ugly thing

Illustrated notes

Levels and vault maps discovered:
D:1:      dpeg_arrival_windows_large_door, layout_loops_ring,
          hellmonk_ecumenical_altar_lost_god
D:2:      layout_basic, basic_altar, minmay_gold_behind_fungi,
          chequers_hall_statues_wall_a, minivault_25, minmay_increasing_density
D:3:      layout_basic, uniq_ijyb, uniq_jessica
D:4:      layout_basic, mainiacjoe_overflow_tiny_flanked,
          lemuel_mausoleum_altar_kikubaaqudgha, temple_statues,
          small_statue_intersection, corexii_hall_statues_i
D:5:      minmay_inner_zag, layout_cave_pools, nicolae_gozag_zags_fifth_avenue,
          nicolae_overflow_squiral, kennysheep_doodads, uniq_sigmund
D:6:      layout_basic, old_standard_altar, ebering_ghost_xom
D:7:      layout_layer_cave, amcnicky_altar_gilded, uniq_maggie, uniq_menkaure
D:8:      layout_loops_corners, mainiacjoe_overflow_catch_the_wave
Temple:   minmay_temple_bridge_abc

Skill      XL: |  1  2  3  4  5  6  7  8  9 |
---------------+----------------------------+-----
Stealth        | 1 2 3 |  3.9
Fighting       | 2 3 4 6 |  6.0
Poison Magic   | 1 2 3 4 |  4.1
Transmutations | 3 4 5 6 |  6.2
Unarmed Combat | 4 5 6 |  6.4
Spellcasting   | 3 4 5 |  5.8
Dodging        | 3 4 |  4.5
Ice Magic      | 2 |  2.7

Action                   |  1- 3 |  4- 6 |  7- 9 | 10-12 || total
-------------------------+-------+-------+-------+-------++-------
Melee: Unarmed           |    66 |    96 |   285 |    11 ||   458
       Kick              |    18 |    28 |    75 |       ||   121
       Constrict         |    16 |    21 |    32 |       ||    69
       Tentacles         |    16 |    27 |    49 |       ||    92
       Punch             |       |     3 |     6 |       ||     9
 Cast: Beastly Appendage |    23 |    27 |    34 |       ||    84
       Spider Form       |       |     1 |    17 |     2 ||    20
       Ice Form          |       |       |     1 |       ||     1
  Use: Scroll            |       |     7 |     1 |       ||     8
       Potion            |       |       |     1 |     1 ||     2
 Stab: Sleeping          |     7 |     6 |    10 |     1 ||    24
Armor: Skin              |     3 |     4 |    17 |       ||    24
Dodge: Dodged            |    26 |    45 |   195 |     8 ||   274
Block: Other             |       |     6 |    10 |       ||    16
